 Dungeon Crawl Stone Soup version 0.31-a0-986-g5e6e4ef867 (webtiles) character file.

Game seed: 8853753124456285222

356 jasper the Trooper (level 6, -3/50 HPs)
             Began as a Human Wanderer on Nov 10, 2023.
             Was a Believer of Nemelex Xobeh.
             Collided with a polar bear (15 damage)
             ... caused by a wind drake
             ... summoned by the player character
             ... on level 5 of the Dungeon.
             The game lasted 00:06:39 (3777 turns).

jasper the Trooper (Human Wanderer)                 Turns: 3777, Time: 00:06:40

Health: -3/50      AC:  6    Str: 10    XL:     6   Next: 96%
Magic:  9/9        EV: 12    Int: 12    God:    Nemelex Xobeh [**....]
Gold:   178        SH:  0    Dex: 23    Spells: 6/7 levels left

rFire   . . .        h - +2 dagger (venom)
rCold   . . .        (no shield)
rNeg    . . .        q - +0 leather armour
rPois   .            m - +0 helmet
rElec   .            B - +0 cloak
rCorr   .            c - +0 pair of gloves
SInv    .            (no boots)
Will    .....        (no amulet)
Stlth   ++           i - +6 ring of dexterity
HPRegen 0.28/turn    (no ring)
MPRegen 0.11/turn

%: no passive effects
@: no status effects
A: no striking features
a: Renounce Religion, Draw Escape, Draw Destruction, Draw Summoning


You were on level 5 of the Dungeon.
You worshipped Nemelex Xobeh.
Nemelex Xobeh was pleased with you.
You visited 1 branch of the dungeon, and saw 5 of its levels.
You also visited: Sewer.

You collected 178 gold pieces.

Inventory:

Hand Weapons
 a - a +2 dagger
 h - a +2 dagger of venom (weapon)
 j - a +0 flail
 r - a +1 short sword of protection
 x - a +2 whip of venom
 C - a +0 sling
Missiles
 b - 2 curare-tipped darts (quivered)
 o - 2 javelins
Armour
 c - a +0 pair of gloves (worn)
 e - a +0 robe
 l - a +2 pair of gloves
 m - a +0 helmet (worn)
 q - a +0 leather armour (worn)
 B - a +0 cloak (worn)
Jewellery
 i - a +6 ring of dexterity (left hand)
 s - a +6 ring of intelligence
 y - an amulet of magic regeneration
Scrolls
 z - a scroll of immolation
 A - 2 scrolls of identify
 E - a scroll of enchant weapon
Potions
 d - 2 potions of might
 f - a potion of mutation
 g - a potion of degeneration
 k - 3 potions of heal wounds
 n - a potion of ambrosia
 p - 4 potions of magic
 t - a potion of curing
 u - a potion of brilliance
 v - 2 potions of haste
 w - a potion of resistance {unknown}
 D - a potion of lignification {unknown}


   Skills:
 + Level 4.9 Fighting
 + Level 0.0 Ranged Weapons
 - Level 4.0 Throwing
 + Level 2.3 Dodging
 - Level 1.0 Stealth
 - Level 1.0 Spellcasting
 - Level 2.0 Ice Magic
 * Level 4.0 Invocations


You had 6 spell levels left.
You knew the following spells:

 Your Spells              Type           Power      Damage    Failure   Level
a - Freeze                Ice            20%        1d4       19%         1

Your spell library contained the following spells:

 Spells                   Type           Power      Damage    Failure   Level
 Ozocubu's Armour         Ice            5%         N/A       47%         3
 Lesser Beckoning         Tloc           0%         N/A       52%         2
 Gell's Gravitas          Tloc           0%         N/A       77%         3
 Teleport Other           Tloc           0%         N/A       77%         3


Dungeon Overview and Level Annotations

Branches:
Dungeon (5/15)              Sewer (visited)
 Temple: D:4-7

Altars:
Nemelex Xobeh
Trog

Shops:
D:2 [


Message History

Your punch misses the orc.
The orc is almost dead.
You kill the orc!
You draw a card...
You have drawn the Orb.
Press: ? - help, Shift-Dir - straight line, f - ice beast
Aim: an ice beast Your orb of destruction hits a rock wall.
The wavering orb of destruction weakly hits the ice beast!
The ice beast is heavily wounded.
Your orb of destruction hits a rock wall. x2
The ice beast hits you. The ice beast freezes you!
You take 17 damage, and have 32/50 hp.
MASSIVE DAMAGE!!
You hit the ice beast but do no damage.
You punch the ice beast, but do no damage.
The ice beast is heavily wounded.
Your orb of destruction hits a rock wall. x2
The ice beast hits you. The ice beast freezes you!
You take 10 damage, and have 22/50 hp.
The ice beast attacks as it pursues you!
The ice beast hits you. The ice beast freezes you!
* * * LOW HITPOINT WARNING * * *
You take 11 damage, and have 11/50 hp.
MASSIVE DAMAGE!!
You draw a card...
You have drawn the Orb.
Press: ? - help, Shift-Dir - straight line, f/p - ice beast
Aim: an ice beast (heavily wounded)
Your orb of destruction hits a rock wall. x4
The ice beast barely misses you.
Your orb of destruction hits a rock wall.
You draw a card...
You have drawn the Elements.
The orc misses your wind drake. The ice beast barely misses you.
You swap places.
Something misses your wind drake.
The ice beast hits your catoblepas but does no damage.
Your wind drake exhales a fierce blast of wind!
You are knocked back by the gust of wind.
You collide with your polar bear!
Your polar bear is lightly wounded.
You die...
Your body glows slightly and disappears.

### #### #####.#
#..####### ......#
#.oYY@h..#
#.###.######.k#####.#
..........).o....>..#
#.##.########.#######
..............#
...#.#######..#
####.# #......#
...#.# #.###..#
.......#......#


You could see an ice beast (ally target), an orc, a friendly catoblepas
(summoned), a friendly wind drake (summoned, repels missiles, catching breath)
and a friendly polar bear (summoned).

Vanquished Creatures
  An ice beast (D:3)
  3 gnolls (D:4)
  5 adders
  2 worms (D:3)
  5 dart slugs
  2 orcs
  14 ball pythons
  10 bats
  8 endoplasms
  8 giant cockroaches
  7 goblins
  10 hobgoblins
  12 jackals
  8 quokkas
  6 frilled lizards
  14 kobolds
  7 rats
122 creatures vanquished.

Vanquished Creatures (collateral kills)
  A gnoll bouda (D:4)
  2 gnolls (D:4)
3 creatures vanquished.

Grand Total: 125 creatures vanquished

Notes
Turn   | Place    | Note
-------+----------+-------------------------------------------
     0 | D:1      | jasper the Human Wanderer began the quest for the Orb.
     0 | D:1      | jasper set off with the following items: a +2 dagger, 2
                  | curare-tipped darts, a +0 pair of gloves, a potion of
                  | might, a +0 robe; and the following spell memorised:
                  | Freeze; and the following spells available to memorise:
                  | Ozocubu's Armour.
     0 | D:1      | Reached XP level 1. HP: 13/13 MP: 2/2
    40 | D:1      | Reached skill level 1 in Fighting
    82 | D:1      | Reached XP level 2. HP: 21/21 MP: 3/3
   272 | D:1      | Reached XP level 3. HP: 18/28 MP: 4/4
  1046 | D:2      | Found a faded altar of an unknown god.
  1054 | D:2      | Reached XP level 4. HP: 32/35 MP: 5/5
  1057 | D:2      | Prayed at the altar of an unknown god.
  1057 | D:2      | Became a worshipper of Nemelex Xobeh the Trickster
  1057 | D:2      | Reached * piety under Nemelex Xobeh
  1057 | D:2      | Received a gift from Nemelex Xobeh
  1168 | D:2      | Found Umyo's Armour Emporium.
  1399 | D:2      | Reached skill level 1 in Invocations
  1977 | D:3      | Reached XP level 5. HP: 34/42 MP: 6/6
  2153 | D:3      | Found a glowing drain.
  2171 | Sewer    | Entered a sewer
  2183 | Sewer    | Reached ** piety under Nemelex Xobeh
  2451 | D:3      | Noticed an ice beast
  2457 | D:3      | Killed an ice beast
  2458 | D:3      | Reached XP level 6. HP: 40/49 MP: 6/8
  2658 | D:3      | Found a bloodstained altar of Trog.
  3061 | D:4      | Received a gift from Nemelex Xobeh
  3685 | D:5      | Identified the "Zuleocegg"
  3685 | D:5      | Entered Level 5 of the Dungeon
  3748 | D:5      | Noticed an ice beast
  3777 | D:5      | Collided with a polar bear

Illustrated notes

Levels and vault maps discovered:
D:1:      dpeg_arrival_houses_and_road, layout_basic
D:2:      layout_loops_cross, chequers_ecumenical_altar_simple_redux,
          serial_shops, shop, nicolae_eternal_life
D:3:      layout_rooms, marbit_many_paths, gup_sewer_entry_pipe
D:4:      layout_basic, skrybe_limestone_x, minmay_misc_feat_four_crosses,
          hangedman_decor_riveting
D:5:      layout_basic, grunt_temple_overflow_magic_moments

Skill      XL: |  1  2  3  4  5  6 |
---------------+-------------------+-----
Fighting       | 1 2 3 4 |  4.9
Invocations    | 1 3 4 |  4.0
Throwing       | |  4.0
Dodging        | |  2.3
Stealth        | |  1.0
Spellcasting   | |  1.0
Ice Magic      | |  2.0

Action                     |  1- 3 |  4- 6 || total
---------------------------+-------+-------++-------
  Melee: Dagger            |    80 |   225 ||   305
         Punch             |     2 |     2 ||     4
  Throw: Dart              |     1 |     1 ||     2
 Invoke: Draw Destruction  |       |     4 ||     4
         Draw Summoning    |       |     2 ||     2
    Use: Scroll            |     4 |    11 ||    15
         Potion            |       |     1 ||     1
   Stab: Sleeping          |     7 |     8 ||    15
 Armour: Robe              |    32 |    21 ||    53
         Leather armour    |       |   108 ||   108
  Dodge: Dodged            |    44 |   154 ||   198

Table legend: (Time is in decaauts)
 A = Elapsed time spent in this place.
 B = Non-inter-level travel time spent in this place.
 C = Inter-level travel time spent in this place.
 D = Time resting spent in this place.
 E = Time spent auto-exploring this place.
 F = Levels seen in this place.
 G = Mean time per level.
                   A        B        C        D        E       F      G
               +--------+--------+--------+--------+--------+-----+--------+
         Total |   3798 |   3678 |    120 |    129 |   2512 |   6 |  633.0 |
       Dungeon |   3514 |   3394 |    120 |    129 |   2378 |   5 |  702.8 |
         Sewer |    284 |    284 |      0 |      0 |    133 |   1 |  284.0 |
               +--------+--------+--------+--------+--------+-----+--------+

Top non-repeatable levels by time:
     D:1: 943 daAuts
     D:4: 906 daAuts
     D:3: 874 daAuts
     D:2: 698 daAuts
   Sewer: 284 daAuts
     D:5: 91 daAuts
